 Dungeon Crawl Stone Soup version 0.20.0-8-g6b59dc7 (webtiles) character file.

86 miragecloak the Changer (level 4, -1/28 HPs)
             Began as an Octopode Transmuter on May 30, 2017.
             Slain by a gnoll
             ... wielding a +0 spear
              (10 damage)
             ... on level 2 of the Dungeon.
             The game lasted 00:02:29 (1738 turns).

miragecloak the Changer (Octopode Transmuter)       Turns: 1738, Time: 00:02:31

Health: -1/28      AC:  1    Str:  9    XL:     4   Next: 49%
Magic:  2/7        EV: 13    Int: 15    God:
Gold:   84         SH:  0    Dex: 13    Spells: 3/7 levels left

rFire    . . .     SeeInvis .     - Unarmed
rCold    . . .     Gourm    .   (no shield)
rNeg     . . .     Faith    .   (helmet restricted)
rPois    .         Spirit   .   (no amulet)
rElec    .         Reflect  .   (no ring)
rCorr    .         Harm     .   (no ring)
MR       .....                  (no ring)
Stlth    ++........             (no ring)
Regen    0.1/turn               (no ring)
MPRegen  0.1/turn               (no ring)
                                (no ring)
                                (no ring)

@: very slightly contaminated
A: almost no armour, stealthy swim, amphibious, 8 rings, constrict 8, camouflage
1, gelatinous body 1
a: no special abilities


You were on level 2 of the Dungeon.
You were not hungry.

You visited 1 branch of the dungeon, and saw 2 of its levels.

You collected 84 gold pieces.

Inventory:

Hand Weapons
 p - a +0 dagger
Missiles
 a - 34 arrows
 n - 19 poisoned needles
Jewellery
 o - a cursed amulet of inaccuracy {unknown}
Scrolls
 d - a scroll of teleportation {unknown}
 e - a scroll of fog {unknown}
 g - a scroll of magic mapping {unknown}
 h - a scroll of fear {unknown}
 i - 2 scrolls of identify {unknown}
Potions
 f - a potion of ambrosia {unknown}
 l - 2 potions of might {unknown}
 q - a potion of agility {unknown}
Books
 b - a book of Changes

   Spells                             Type                      Level
   a - Beastly Appendage              Transmutation                1
   b - Sticks to Snakes               Transmutation                2
   c - Spider Form                    Transmutation/Poison         3
   d - Ice Form                       Ice/Transmutation            4
   e - Blade Hands                    Transmutation                5
Comestibles
 c - a bread ration
 j - a fruit
 k - a meat ration
 m - a royal jelly


   Skills:
 - Level 1.0 Fighting
 - Level 2.0 Dodging
 - Level 3.0 Unarmed Combat
 - Level 2.0 Spellcasting
 + Level 3.9 Transmutations
 * Level 2.5 Poison Magic


You had 3 spell levels left.
You knew the following spells:

 Your Spells              Type           Power        Failure   Level  Hunger
a - Beastly Appendage     Tmut           ##....       4%          1    #......
b - Spider Form           Tmut/Pois      ##........   19%         3    ###....


Dungeon Overview and Level Annotations

Branches:
Dungeon (2/15)

Altars:

Annotations:
D:2 Robin


Innate Abilities, Weirdness & Mutations

You cannot wear most types of armour.
You are very stealthy in the water. (Stealth+)
You are amphibious.
You can wear up to eight rings at the same time.
You can use your tentacles to constrict eight enemies at once.
Your skin changes colour to match your surroundings (Stealth+).
Your rubbery body absorbs attacks. (AC +1, EV +1)


Message History

You swing at nothing.
The gnoll misses you.
You swing at nothing.
The gnoll closely misses you. The gnoll hits you with a spear!
Items here: )) [ † a flail x2; a plate armour; a gnoll corpse You closely miss the gnoll.
The gnoll misses you.
You hit the gnoll but do no damage.
The gnoll is poisoned.
Your transformation has ended.
The gnoll barely misses you.
You tentacle-slap the gnoll. You grab the gnoll.
The gnoll is moderately wounded.
You constrict the gnoll, but do no damage.
The gnoll barely misses you.
Casting: Spider Form
Confirm with . or Enter, or press ? or * to list all spells.
You miscast Spider Form.
You are very lightly contaminated with residual magic.
Multicoloured lights dance before your eyes!
You constrict the gnoll. The gnoll hits you with a spear!
You die...

..........###
.....?...... .
...........# ..
......>....# ...
..........#....
#....##....##
#.#..........
#####†...).......
#..@gg...........
#.###............
#. ###.#
#........%... #.
#...#
####.......## #.
#.###########....#
#.###[.........
....#
#....<......##
##...
#...........+ .#.
#####...........#


You could see a gnoll and a goblin.

Vanquished Creatures
  Jessica (D:2)
  2 gnolls (D:2)
  An ooze (D:1)
  A worm (D:2)
  A dart slug (D:1)
  6 goblins (D:2)
  A hobgoblin (D:2)
  6 kobolds
  A quokka (D:1)
  6 bats
  4 frilled lizards
  6 rats
36 creatures vanquished.

Notes
Turn   | Place    | Note
-------+----------+-------------------------------------------
     0 | D:1      | miragecloak the Octopode Transmuter began the quest for the Orb.
     0 | D:1      | Reached XP level 1. HP: 13/13 MP: 3/3
   181 | D:1      | Reached XP level 2. HP: 16/18 MP: 3/5
   958 | D:1      | Noticed an ogre
  1254 | D:2      | Reached XP level 3. HP: 23/23 MP: 6/6
  1270 | D:2      | Noticed Robin
  1376 | D:2      | Learned a level 3 spell: Spider Form
  1381 | D:2      | Noticed Jessica
  1400 | D:2      | Killed Jessica
  1400 | D:2      | Reached skill level 1 in Poison Magic
  1695 | D:2      | Reached XP level 4. HP: 28/28 MP: 3/7
  1738 | D:2      | Slain by a gnoll

Skill      XL: |  1  2  3  4 |
---------------+-------------+-----
Transmutations | 3 |  3.9
Poison Magic   | 1 2 |  2.5
Fighting       | |  1.0
Dodging        | |  2.0
Unarmed Combat | |  3.0
Spellcasting   | |  2.0

Action                   |  1- 3 |  4- 6 || total
-------------------------+-------+-------++-------
Melee: Unarmed           |    58 |    22 ||    80
       Constrict         |    17 |     2 ||    19
       Tentacles         |    10 |     1 ||    11
       Kick              |     5 |       ||     5
       Punch             |     2 |       ||     2
 Cast: Beastly Appendage |    13 |       ||    13
       Spider Form       |     1 |     1 ||     2
 Stab: Sleeping          |     4 |       ||     4
  Eat: Chunk             |     3 |       ||     3
Armor: Skin              |     4 |       ||     4
Dodge: Dodged            |    38 |    22 ||    60
